cohdb
Replays
Latest Replays
All Replays
Popular Replays
Top Player Replays
Match Explorer
How It Works
Community
CoH3 Stats
Reddit
Sign in to upload your games and track your stats! →
Sign in with Steam
1
Match 16837921
Overview
Messages
Build Orders
End
Kettenkrad Recon Vehicle
Construct Infanterie Kompanie
MG 42 Machine Gun Team
MG 42 Machine Gun Team
Construct Luftwaffe Kompanie
Support Elements
Medical Bunker
Wirbelwind Flakpanzer
Selects Mechanized Battlegroup
Selects Fuel Seizure
Pioneer Squad
Wirbelwind Flakpanzer
Luftwaffe Officer Quarters
Selects Mechanized Assault
Mechanized Assault
Wirbelwind Flakpanzer
Mechanized Assault
Wirbelwind Flakpanzer
Wirbelwind Flakpanzer
Mechanized Assault
Mechanized Assault
Wirbelwind Flakpanzer
BlueSkidrow™
Rutra
JaddFX
|..Boni..|
Trujix
Panda Encadenado
0
0
Comments
sign in to comment!
No comments posted yet!